 Dungeon Crawl Stone Soup version 0.22-a0-274-gf8199ec (webtiles) character file.

30 Amnesiac the Magician (level 3, -2/20 HPs)
             Began as a Deep Elf Wizard on Mar 14, 2018.
             Killed by nerve-wracking pain
             ... invoked by Jessica
              (8 damage)
             ... on level 2 of the Dungeon.
             The game lasted 00:01:44 (624 turns).

Amnesiac the Magician (Deep Elf Wizard)              Turns: 624, Time: 00:01:45

Health: -2/20      AC:  2    Str:  4    XL:     3   Next: 5%
Magic:  6/11       EV: 13    Int: 20    God:
Gold:   87         SH:  0    Dex: 13    Spells: 0/11 levels left

rFire    . . .     SeeInvis .   (no weapon)
rCold    . . .     Gourm    .   (no shield)
rNeg     . . .     Faith    .   a - +0 robe
rPois    .         Spirit   .   b - +0 hat
rElec    .         Reflect  .   (no cloak)
rCorr    .         Harm     .   (no gloves)
MR       .....                  (no boots)
Stlth    ++........             (no amulet)
HPRegen  0.06/turn              n - -3 ring of intelligence (curse)
MPRegen  0.12/turn              (no ring)

@: no status effects
A: no striking features
a: no special abilities


You were on level 2 of the Dungeon.
You were not hungry.

You visited 1 branch of the dungeon, and saw 2 of its levels.

You collected 87 gold pieces.

Inventory:

Armour
 a - a +0 robe (worn)
 b - a +0 hat (worn)
Jewellery
 n - a cursed -3 ring of intelligence (left hand)
Potions
 c - 2 potions of ambrosia {!q, unknown}
 h - a potion of curing {!q, unknown}
 k - a potion of might {!q}
 m - a potion of agility {!q}
Comestibles
 d - 2 rations
 f - 4 chunks of flesh


   Skills:
 + Level 1.0 Fighting
 - Level 2.4 Dodging
 - Level 2.4 Stealth
 - Level 4.5 Spellcasting
 * Level 2.8 Conjurations
 - Level 1.1 Summonings
 - Level 1.1 Translocations


You couldn't memorise any spells.
You knew the following spells:

 Your Spells              Type           Power        Failure   Level  Hunger
a - Magic Dart            Conj           ###.         3%          1    None
b - Call Imp              Summ           #.......     12%         2    #......
e - Mephitic Cloud        Conj/Pois/Air  #.......     26%         3    ##.....
s - Conjure Flame         Conj/Fire      ##......     21%         3    ##.....
v - Blink                 Tloc           N/A          12%         2    #......


Dungeon Overview and Level Annotations

Branches:
Dungeon (2/15)

Altars:

Annotations:
D:2 Jessica


Message History

Confirm with . or Enter, or press ? or * to list all spells.
You can't see any susceptible monsters within range! (Use Z to cast anyway.)
Casting: Magic Dart (safe; 3% risk of failure)
Confirm with . or Enter, or press ? or * to list all spells.
You can't see any susceptible monsters within range! (Use Z to cast anyway.)
You start resting.
Magic restored.
Found a whip.
Found a stone staircase leading up.
Found a stone staircase leading down.
Jessica the Apprentice Sorceress comes into view.
Jessica shouts!
Jessica zaps a wand.
You resist with some effort.
It is a wand of polymorph (14).
Some of the chunks of flesh in your inventory have rotted away.
Casting: Magic Dart (safe; 3% risk of failure)
Confirm with . or Enter, or press ? or * to list all spells.
Aiming: Magic Dart (safe; 3% risk of failure)
Press: ? - help, Shift-Dir - straight line, f - Jessica
Aim: Jessica, wearing an embroidered robe and carrying a wand of polymorph (14)
The magic dart hits Jessica.
Jessica moves out of view.
Casting: Magic Dart (safe; 3% risk of failure)
Confirm with . or Enter, or press ? or * to list all spells.
You can't see any susceptible monsters within range! (Use Z to cast anyway.)
Casting: Magic Dart (safe; 3% risk of failure)
Confirm with . or Enter, or press ? or * to list all spells.
You can't see any susceptible monsters within range! (Use Z to cast anyway.)
A goblin comes into view. It is wielding a dagger.
Casting: Magic Dart (safe; 3% risk of failure)
Confirm with . or Enter, or press ? or * to list all spells.
Aiming: Magic Dart (safe; 3% risk of failure)
Press: ? - help, Shift-Dir - straight line, f/p - Jessica
Aim: Jessica, wearing an embroidered robe and carrying a wand of polymorph (14)
The magic dart hits Jessica.
Jessica is moderately wounded.
The goblin shouts!
Casting: Magic Dart (safe; 3% risk of failure)
Confirm with . or Enter, or press ? or * to list all spells.
Aiming: Magic Dart (safe; 3% risk of failure)
Press: ? - help, Shift-Dir - straight line, f/p - Jessica
Aim: Jessica, wearing an embroidered robe and carrying a wand of polymorph (14) (moderately wounded)
The magic dart hits Jessica.
Jessica is moderately wounded.
Casting: Magic Dart (safe; 3% risk of failure)
Confirm with . or Enter, or press ? or * to list all spells.
Aiming: Magic Dart (safe; 3% risk of failure)
Press: ? - help, Shift-Dir - straight line, f/p - Jessica
Aim: Jessica, wearing an embroidered robe and carrying a wand of polymorph (14) (moderately wounded)
The magic dart hits Jessica.
Jessica is moderately wounded.
Casting: Magic Dart (safe; 3% risk of failure)
Confirm with . or Enter, or press ? or * to list all spells.
Aiming: Magic Dart (safe; 3% risk of failure)
Press: ? - help, Shift-Dir - straight line, f/p - Jessica
Aim: Jessica, wearing an embroidered robe and carrying a wand of polymorph (14) (moderately wounded)
The magic dart hits Jessica.
Jessica is moderately wounded.
Jessica casts a spell at you. Pain shoots through your body!
Ouch! That really hurt!
* * * LOW HITPOINT WARNING * * *
Jessica points at you and mumbles some strange words.
Pain shoots through your body!
You die...

# ###. #... # ..#
..###...#
....#.#####
#.......#
...##.#@###.##..
.........<@.....
....#.#...#.##. ##
#.#.#.#.# #.......#
##.##.#######
#..........#
#.............###
#.##...)......#.####


You could see Jessica.

Vanquished Creatures
  An ooze (D:1)
  A dart slug (D:1)
  2 leopard geckos (D:1)
  A giant cockroach (D:1)
  3 goblins
  3 hobgoblins (D:1)
  3 kobolds (D:1)
  4 bats (D:1)
  2 frilled lizards (D:1)
  2 rats (D:1)
22 creatures vanquished.

Notes
Turn   | Place    | Note
-------+----------+-------------------------------------------
     0 | D:1      | Amnesiac the Deep Elf Wizard began the quest for the Orb.
     0 | D:1      | Reached XP level 1. HP: 10/10 MP: 7/7
   141 | D:1      | Reached XP level 2. HP: 16/16 MP: 3/9
   148 | D:1      | Learned a level 2 spell: Blink
   151 | D:1      | Learned a level 2 spell: Call Imp
   502 | D:1      | Reached skill level 1 in Fighting
   502 | D:1      | Reached XP level 3. HP: 16/20 MP: 2/11
   507 | D:1      | Learned a level 3 spell: Conjure Flame
   511 | D:1      | Learned a level 3 spell: Mephitic Cloud
   617 | D:2      | Noticed Jessica
   624 | D:2      | Killed from afar by Jessica

Vault maps used:
D:1:      dpeg_arrival_houses_and_road
D:2:      cheibrodos_greedy_goblins, nicolae_qazlal_eye_of_the_storm,
          cheibriados_altar_1, first_ration, uniq_jessica

Skill      XL: |  1  2 |
---------------+-------+-----
Conjurations   | 2 |  2.8
Fighting       | 1 |  1.0
Dodging        | |  2.4
Stealth        | |  2.4
Spellcasting   | |  4.5
Summonings     | |  1.1
Translocations | |  1.1

Action                   || total
-------------------------++-------
Melee: Unarmed           ||     3
 Cast: Magic Dart        ||    47
  Use: Scroll            ||     7
Armor: Robe              ||     1
Dodge: Dodged            ||     3

Table legend:
 A = Spawn XP
 B = Non-spawn XP
 C = Spawn XP percentage of total XP
 D = Spawn monster count
 E = Non-spawn monster count
 F = Spawn count percentage of total count
 G = Total turns spent on level
                    A         B        C        D         E        F      G
               +---------+---------+-------+---------+---------+-------+---------
         Total |       0 |      44 |   0.0 |       0 |      22 |   0.0 |   624
               +---------+---------+-------+---------+---------+-------+---------
           D:1 |       0 |      42 |   0.0 |       0 |      21 |   0.0 |   592
           D:2 |       0 |       2 |   0.0 |       0 |       1 |   0.0 |    32
               +---------+---------+-------+---------+---------+-------+---------
